Map: Hardwire LE

Players

Warthog - Winner!

  • Race: Terran Terran
  • League: Diamond
  • Spawn Location: 7:00

MechNcheese

  • Race: Terran Terran
  • League: Diamond
  • Spawn Location: 1:00

VOD

Have the link to the VOD?

Description

Time

  • Played on: Dec. 7, 2021, 6:27 p.m.
  • Length: 15:11
Show
View Real Time Build Order
Export as new Build Order

Warthog Terran - Winner!

Build Orders:  

Get SALT Encoding   

  12  0:00  SCV  
  13  0:12  SCV  
  14  0:17  Supply Depot  
  14  0:24  SCV  
  15  0:39  SCV  
  15  0:41  Barracks  
  16  0:44  Refinery  
  16  0:51  SCV  
  16  0:52  Refinery  
  17  1:03  SCV  
  18  1:15  SCV  
  19  1:28  Reaper, Orbital Command  
  20  1:43  Factory  
  20  1:49  Supply Depot  
  21  1:54  SCV  
  21  2:02  Reaper  
  21  2:06  SCV  
  23  2:18  SCV  
  24  2:25  Command Center  
  24  2:32  SCV  
  25  2:40  Hellion  
  25  2:41  Reaper  
  28  2:45  SCV  
  28  2:46  Supply Depot  
  29  2:57  SCV  
  30  2:59  Starport  
  30  3:08  Hellion  
  32  3:23  Barracks Reactor, SCV  
  33  3:42  SCV, Factory Tech Lab  
  33  3:43  Starport Reactor  
  34  3:58  SCV  
  33  4:21  Orbital Command  
  33  4:23  Viking x2  
  33  4:24  Siege Tank, Marine x2  
  38  4:28  Barracks  
  38  4:30  SCV, Command Center  
  38  4:33  Barracks  
  38  4:42  SCV  
  39  4:48  SCV  
  39  4:52  Marine x2  
  40  4:54  SCV  
  40  4:56  Siege Tank  
  46  5:00  SCV  
  46  5:01  Viking  
  46  5:06  SCV  
  50  5:09  Supply Depot x2  
  50  5:11  Marine  
  50  5:12  SCV, Marine  
  53  5:29  Engineering Bay x2, SCV  
  53  5:30  SCV  
  53  5:31  Refinery x2, Marine x2  
  53  5:34  Barracks Tech Lab  
  57  5:36  Barracks Tech Lab  
  57  5:41  SCV  
  57  5:42  SCV  
  60  5:52  Siege Tank, Marine  
  60  5:53  SCV, Orbital Command  
  60  5:55  SCV  
  65  6:03  Stimpack  
  63  6:04  Combat Shield  
  63  6:05  SCV  
  63  6:08  SCV, Terran Infantry Armor Level 1, Terran Infantry Weapons Level 1  
  65  6:16  Marine x2  
  65  6:18  SCV  
  66  6:20  SCV, Orbital Command, Viking  
  66  6:23  Viking  
  66  6:24  Marine  
  72  6:30  SCV  
  72  6:32  SCV  
  74  6:42  SCV, Marine x2  
  74  6:43  Marine x2  
  74  6:44  Siege Tank  
  74  6:46  Supply Depot  
  82  6:50  Supply Depot, Medivac  
  82  6:52  SCV  
  85  6:58  Supply Depot  
  85  7:08  SCV x3, Marine x2  
  90  7:17  Supply Depot  
  90  7:20  SCV  
  90  7:21  Barracks  
  91  7:23  Barracks  
  91  7:25  Armory  
  91  7:26  Supply Depot, SCV x2  
  91  7:27  Marine x2  
  91  7:28  Marine x2  
  91  7:29  Siege Tank  
  100  7:32  SCV  
  101  7:38  SCV  
  102  7:45  Marine  
  102  7:46  SCV x2  
  102  7:48  Marine x2  
  102  7:49  Medivac, Marine  
  102  7:50  SCV  
  111  7:56  Supply Depot  
  111  7:58  Supply Depot  
  111  8:01  Siege Tank  
  111  8:02  SCV x2  
  111  8:03  Marine  
  111  8:05  Refinery x2, SCV  
  118  8:06  Marine x2  
  118  8:12  Terran Infantry Armor Level 2, Terran Infantry Weapons Level 2  
  118  8:22  Supply Depot  
  118  8:23  Supply Depot  
  118  8:27  Terran Vehicle Weapons Level 1  
  118  8:30  Barracks Reactor x2  
  118  8:31  SCV x3  
  118  8:33  Siege Tank  
  124  8:38  Marine x2  
  124  8:39  Viking  
  128  8:45  Supply Depot  
  128  8:47  Supply Depot  
  128  8:51  SCV  
  128  8:52  SCV  
  128  8:54  Factory  
  130  8:57  Command Center  
  130  9:01  Marauder, Marine  
  133  9:07  Supply Depot  
  133  9:09  Marine  
  135  9:10  Marauder  
  135  9:11  Supply Depot  
  136  9:22  Viking x2  
  136  9:23  Marine x6  
  136  9:24  Siege Tank  
  147  9:36  Marauder, Marine  
  144  9:52  Viking  
  146  9:56  Siege Tank  
  141  10:13  Factory Tech Lab  
  141  10:17  Planetary Fortress  
  141  10:19  Barracks  
  141  10:20  Barracks  
  141  10:22  Barracks  
  141  10:28  Siege Tank, Marine x8  
  145  10:34  Command Center  
  152  10:36  Command Center x2  
  152  10:38  Command Center  
  152  10:46  Marine  
  152  10:49  Viking x2  
  157  11:09  Barracks Reactor x3  
  157  11:10  Terran Infantry Weapons Level 3  
  157  11:11  Terran Infantry Armor Level 3, Terran Vehicle Weapons Level 2  
  151  11:13  SCV  
  151  11:15  Refinery, SCV x3  
  151  11:17  Refinery  
  155  11:25  Marine x6  
  135  11:33  Marauder, Marine  
  131  11:41  Medivac, Siege Tank  
  131  11:43  Marine x6  
  138  11:48  Marine x2  
  138  11:50  Marine  
  141  11:55  Marauder  
  141  12:00  Orbital Command x4  
  139  12:14  Viking  
  139  12:15  Viking  
  155  12:44  Viking  
  155  12:47  Marine  
  155  12:48  Marine x13  
  155  12:51  Siege Tank x2  
  163  12:53  Medivac  
  165  13:05  Marine x4  
  165  13:06  Marine x10  
  165  13:12  Command Center  
  179  13:14  Command Center, Medivac  
  181  13:23  Missile Turret x2, Siege Tank x2  
  181  13:26  Missile Turret x2  
  187  13:27  Missile Turret  
  187  13:29  Missile Turret  
  187  13:31  Marine x13  
Show
View Real Time Build Order
Export as new Build Order

MechNcheese Terran 

Build Orders:  

Get SALT Encoding   

  12  0:00  SCV  
  13  0:12  SCV  
  14  0:17  Supply Depot  
  14  0:24  SCV  
  15  0:39  SCV  
  15  0:42  Barracks  
  16  0:47  Refinery  
  16  0:51  SCV  
  17  1:03  SCV  
  18  1:15  SCV  
  19  1:29  Orbital Command  
  19  1:30  Marine  
  20  1:46  Command Center  
  20  1:49  Marine  
  21  1:55  Supply Depot  
  21  1:56  SCV  
  22  2:07  Marine  
  23  2:13  Factory  
  23  2:16  SCV  
  24  2:23  Bunker  
  24  2:28  Marine  
  24  2:29  SCV  
  25  2:43  SCV  
  26  2:46  Marine  
  26  2:48  Refinery  
  27  2:56  SCV  
  28  3:00  Orbital Command  
  28  3:04  Marine  
  29  3:08  SCV  
  30  3:13  Factory Tech Lab, Starport  
  29  3:20  SCV  
  29  3:22  Marine  
  29  3:33  SCV x2  
  29  3:40  Siege Tank  
  31  3:45  SCV  
  31  3:48  Marine  
  31  3:49  Barracks  
  31  3:53  SCV  
  30  3:57  SCV  
  28  4:05  Marine  
  24  4:13  Orbital Command  
  16  4:20  SCV  
  15  4:32  SCV  
  16  4:40  SCV  
  16  4:45  SCV  
  18  4:53  SCV  
  18  4:55  Barracks Tech Lab  
  18  4:59  SCV  
  20  5:05  SCV  
  21  5:12  SCV  
  22  5:14  Starport Tech Lab  
  22  5:15  Stimpack  
  22  5:16  Barracks Reactor  
  22  5:17  SCV  
  23  5:24  SCV  
  24  5:29  SCV  
  25  5:36  SCV  
  25  5:39  Command Center  
  25  5:41  SCV  
  27  5:48  SCV  
  27  5:49  Marine  
  29  5:53  SCV  
  29  5:57  Marine x2  
  29  6:09  Marine  
  28  6:15  SCV x2, Marine x2  
  31  6:27  SCV x2  
  31  6:28  Marine  
  34  6:32  Marine  
  34  6:36  Supply Depot, Marine  
  36  6:40  Raven  
  36  6:44  SCV x2  
  36  6:46  Marine  
  41  6:54  Marine x2  
  41  6:56  SCV x2  
  45  7:08  Supply Depot, SCV x2  
  47  7:09  Refinery  
  47  7:10  Marine  
  47  7:11  Siege Tank  
  47  7:12  Marine  
  52  7:15  Supply Depot  
  52  7:17  Engineering Bay  
  52  7:20  SCV, Orbital Command  
  53  7:24  Marine  
  53  7:25  SCV  
  53  7:28  Marine  
  56  7:30  Medivac  
  56  7:33  SCV  
  59  7:37  SCV  
  59  7:38  Supply Depot  
  60  7:45  SCV  
  60  7:47  Marine x3  
  60  7:49  SCV  
  64  7:53  Siege Tank  
  64  7:54  Orbital Command  
  64  7:57  SCV  
  68  8:05  Terran Infantry Weapons Level 1, Marine x2  
  69  8:08  Missile Turret  
  69  8:11  SCV x2, Missile Turret  
  72  8:22  Refinery  
  72  8:23  SCV x2  
  72  8:26  SCV, Missile Turret  
  75  8:35  SCV x2  
  75  8:38  Engineering Bay, SCV, Combat Shield  
  75  8:39  Armory, Marine x2  
  79  8:47  SCV x2  
  81  8:50  SCV, Sensor Tower  
  82  8:58  Supply Depot  
  82  8:59  SCV x2  
  82  9:00  Marine x3  
  87  9:03  Barracks  
  86  9:17  Marine  
  86  9:20  Marine x2  
  86  9:21  Siege Tank  
  74  9:35  Marine  
  74  9:37  Marine  
  74  9:38  Marine  
  72  9:44  Raven  
  68  9:49  Barracks  
  68  9:50  Barracks  
  68  9:53  Siege Tank, Marine  
  68  9:55  Marine x2  
  65  10:11  Marine  
  65  10:13  Marine x2  
  62  10:20  Marine  
  63  10:25  Missile Turret, Siege Tank  
  66  10:29  Marine  
  66  10:30  Starport  
  66  10:31  Marine x2  
  69  10:37  Marine  
  69  10:38  Marine  
  72  10:46  Marine  
  72  10:49  Marine x2  
  75  10:51  Barracks Reactor  
  75  10:52  Starport  
  75  10:55  Marine  
  75  10:56  Marine  
  76  11:07  Orbital Command  
  69  11:24  Marine  
  69  11:25  Marine x4  
  64  11:33  SCV x2  
  64  11:34  Terran Infantry Weapons Level 2  
  64  11:36  Starport Reactor  
  64  11:37  Marine x2  
  66  11:42  Marine x2  
  50  11:57  SCV x2  
  49  12:09  SCV x2  
  49  12:11  Barracks Reactor x2  
  51  12:21  SCV x2  
  53  12:32  Supply Depot, Refinery, Marine  
  53  12:33  SCV, Marine x4  
  53  12:34  Refinery  
  59  12:39  Supply Depot  
  59  12:42  SCV  
  59  12:45  SCV  
  59  12:46  Command Center, Siege Tank  
  59  12:50  Marine x2  
  59  12:51  Marine x3  
  67  12:54  SCV  
  67  12:57  SCV  
  70  13:03  Missile Turret  
  70  13:06  SCV  
  70  13:09  Marine  
  70  13:10  Marine x6  
  70  13:11  Marine x2  
  80  13:13  SCV  
  80  13:17  Supply Depot  
  80  13:18  SCV  
  80  13:19  Siege Tank  
  85  13:21  Medivac x2  
  85  13:25  SCV  
  90  13:27  Marine  
  90  13:28  Marine x2  
  90  13:32  Missile Turret, Marine  
  94  13:37  Supply Depot  
  94  13:38  Supply Depot  
  94  13:39  Marine x5  
  99  13:45  Marine  
  99  13:46  Marine x2  
  99  13:53  Sensor Tower  
  93  13:56  Marine x2  
  93  13:57  Viking x3  
  93  13:58  Viking  
  103  14:05  Orbital Command  
  103  14:08  Marine  
  104  14:21  SCV x2  
  106  14:29  Missile Turret  
  109  14:31  Siege Tank  
  109  14:33  SCV  
Tags
 
Add a new tag
Caveats
  • Supply blocks, unpowered buildings, or Contaminate may cause inaccurate times.
  • Supply counts are checked every 10 seconds.